 Dungeon Crawl Stone Soup version 0.29-a0-23-ga79f92ac9c (webtiles) character file.

Game seed: 12071566631519679829

1997 Syelyexplosive the Basher (level 9, 0/55 HPs)
             Began as a Gargoyle Berserker on Jan 30, 2022.
             Was an Initiate of Makhleb.
             Killed by an exploding black bear (12 damage)
             ... ignited by their inner flame
             ... on level 6 of the Dungeon.
             The game lasted 01:12:03 (10152 turns).

Syelyexplosive the Basher (Gargoyle Berserker)     Turns: 10152, Time: 01:12:07

Health: 0/55       AC: 20    Str: 25    XL:     9   Next: 21%
Magic:  9/9        EV: 13    Int:  8    God:    Makhleb [......]
Gold:   278        SH:  0    Dex: 11    Spells: 8/8 levels left

rFire   + . .      SeeInvis .   n - +4 flail (protect)
rCold   . . .      Faith    .   (no shield)
rNeg    + . .      Spirit   .   l - +4 robe of Birdsong {rPois Regen+ Str+2}
rPois   ∞          Reflect  .   u - +0 helmet
rElec   +          Harm     .   (no cloak)
rCorr   +          Rampage  .   (no gloves)
Will    .....                   (no boots)
Stlth   ++........              (no amulet)
HPRegen 0.98/turn               k - ring of protection from fire
MPRegen 0.11/turn               t - ring of resist corrosion

@: under a protective aura
A: sickness immunity, AC +6, negative energy resistance 1, electricity
resistance, torment resistance 1, petrification resistance
a: Renounce Religion


You were on level 6 of the Dungeon.
You worshipped Makhleb.
Makhleb was noncommittal.
You visited 2 branches of the dungeon, and saw 7 of its levels.

You collected 278 gold pieces.

Inventory:

Hand Weapons
 a - a +1 mace of protection
 n - a +4 flail of protection (weapon)
 r - a +0 giant club
Missiles
 c - 114 arrows
 d - 177 stones (quivered)
 f - 13 poisoned darts
 s - 21 sling bullets
 w - 21 bolts
Armour
 b - a +0 animal skin
 h - a +2 ring mail
 l - the +4 robe of Birdsong (worn) {rPois Regen+ Str+2}
   (You found it on level 3 of the Dungeon)

   Str:       It affects your strength (+2).
   rPois:     It protects you from poison.
   Regen:     It increases your rate of health regeneration.
 u - a +0 helmet (worn)
Jewellery
 k - a ring of protection from fire (left hand)
 t - a ring of resist corrosion (right hand)
Scrolls
 e - a scroll of teleportation
 q - 2 scrolls of fear {unknown}
Potions
 g - 2 potions of degeneration
 i - 3 potions of curing
 j - 2 potions of heal wounds {unknown}
 m - 3 potions of ambrosia
 p - 2 potions of attraction {unknown}


   Skills:
 + Level 6.1 Fighting
 + Level 8.4 Maces & Flails
 + Level 1.1 Throwing
 + Level 3.4 Armour
 + Level 5.1 Dodging
 + Level 3.7 Stealth


You had 8 spell levels left.
You didn't know any spells.
Your spell library contained the following spells:

 Spells                   Type           Power      Damage    Failure   Level
 Static Discharge         Conj/Air       0%         N/A       54%         2
 Dazzling Flash           Conj/Hex       0%         N/A       78%         3
 Dispel Undead            Necr           0%         3d6       99%         4
 Iskenderun's Mystic Bla  Conj/Tloc      0%         2d3       99%         4
 Sticky Flame             Conj/Fire      0%         2d3       99%         4
 Starburst                Conj/Fire      0%         6d3       100%        6


Dungeon Overview and Level Annotations

Branches:
Dungeon (6/15)             Temple (1/1) D:4

Altars:
Ashenzari
Cheibriados
Dithmenos
Fedhas
Makhleb
Nemelex Xobeh
Qazlal
Sif Muna
Trog
Uskayaw
Vehumet
Wu Jian
Xom
Yredelemnul
Zin
The Shining One

Shops:
D:1 :


Innate Abilities, Weirdness & Mutations

You are immune to sickness and miasma.
Your stone body is resilient. (AC +6)
You are immune to poison.
You resist negative energy. (rN+)
You are resistant to electric shocks. (rElec)
You are resistant to unholy torment.
You are immune to petrification.


Message History

Flame seeps out of Eustachio.
Eustachio barely misses you.
You closely miss Eustachio.
Eustachio is heavily wounded.
The ogre closely misses you. The black bear closely misses you.
The black bear misses you.
The black bear claws you but does no damage.
Eustachio is engulfed in blazing flames.
Flame seeps out of Eustachio.
Eustachio hits you but does no damage.
The crimson imp hits you but does no damage.
You bludgeon Eustachio!! Makhleb accepts your kill.
The iron imp disappears in a puff of smoke!
The white imp disappears in a puff of smoke!
The crimson imp disappears in a puff of smoke!
Eustachio explodes!
The fiery explosion engulfs the howler monkey!!
Makhleb accepts your kill. The fiery explosion engulfs you!! You resist.
The fiery explosion engulfs the black bear!!
Flame seeps out of the black bear.
The black bear is severely wounded.
The fiery explosion engulfs the ogre!!
The ogre explodes!
The fiery explosion engulfs the white ugly thing!!
The white ugly thing is moderately wounded.
The fiery explosion engulfs the black bear!!
The fiery explosion engulfs you! You resist.
* * * LOW HITPOINT WARNING * * *
The fiery explosion engulfs the centaur!
Flame seeps out of the centaur.
The centaur is severely wounded.
The black bear explodes!
The fiery explosion engulfs the polar bear!!
Flame seeps out of the polar bear.
The polar bear is severely wounded.
The fiery explosion engulfs the white ugly thing!!!
You kill the white ugly thing!
Makhleb accepts your kill. The fiery explosion engulfs you! You resist.
You die...

#...# #.# #...# #.####
## ... #....# ##.###.#
##.#.#
.####..[##.########....#
.....§..................
........##.########....#
..#..§#§##.# #..))...#
...#(#°@§..# #.###...#
#..Z#§§§§..# #.###..##
.c...h§c..## #......#
..#...#..## #####.###
...#s#...# #.......
#...# ...# #.#####. ....
...# #.# #. .#. .#.
.#..# #># #. # #.. ..#
#.# #.


You could see a polar bear (inner flame), a centaur (inner flame) and a scorpion
(inner flame).

Vanquished Creatures
  An ugly thing (D:6)
  Sigmund (D:5)
  Eustachio (D:6)
  Edmund (D:6)
  Menkaure (D:5)
  A water moccasin (D:5)
  An ice beast (D:6)
  An orc warrior (D:6)
  A black bear (D:6)
  3 ogres
  A necrophage (D:5)
  A centaur (D:5)
  Blork the orc (D:5)
  2 bullfrogs
  2 scorpions
  A water moccasin zombie (D:5)
  A wyvern skeleton (D:6)
  A water moccasin skeleton (D:5)
  A wight (D:6)
  2 howler monkeys
  A centaur zombie (D:6)
  A hound (D:6)
  An orc priest (D:6)
  A jelly (D:6)
  A bullfrog skeleton (D:5)
  A killer bee zombie (D:5)
  2 hound skeletons (D:5)
  3 gnolls (D:4)
  11 adders
  A white imp (D:6)
  2 ufetubi (D:6)
  An adder zombie (D:5)
  4 dart slugs
  6 orcs
  8 ball pythons
  4 endoplasms
  3 giant cockroaches
  7 goblins
  9 hobgoblins
  6 kobolds
  2 quokkas
  3 bats
  5 frilled lizards (D:1)
  8 rats
116 creatures vanquished.

Vanquished Creatures (others)
  14 plants (Temple)
14 creatures vanquished.

Grand Total: 130 creatures vanquished

Notes
Turn   | Place    | Note
-------+----------+-------------------------------------------
     0 | D:1      | Syelyexplosive the Gargoyle Berserker began the quest for
                  | the Orb.
     0 | D:1      | Reached XP level 1. HP: 14/14 MP: 1/1
   584 | D:1      | Reached XP level 2. HP: 19/19 MP: 2/2
  1179 | D:1      | Found Govyasog's Book Boutique.
  1705 | D:1      | Reached XP level 3. HP: 22/24 MP: 3/3
  2838 | D:2      | Reached skill level 4 in Maces & Flails
  3062 | D:2      | Reached XP level 4. HP: 25/29 MP: 4/4
  3161 | D:2      | Reached ** piety under Trog
  3951 | D:3      | Found a sparkling altar of Nemelex Xobeh.
  4446 | D:3      | Found a faded altar of an unknown god.
  4469 | D:3      | Identified the +4 robe of Birdsong {rPois Regen+ Str+2}
  4614 | D:3      | Reached skill level 1 in Stealth
  4941 | D:3      | Reached XP level 5. HP: 33/33 MP: 5/5
  5194 | D:3      | You fall into a shaft and drop 2 floors!
  5194 | D:5      | Entered Level 5 of the Dungeon
  5194 | D:5      | Noticed Sigmund
  5194 | D:5      | Noticed a necrophage
  5225 | D:5      | Noticed an ogre
  5237 | D:5      | Killed an ogre
  5238 | D:5      | Reached XP level 6. HP: 21/39 MP: 6/6
  5268 | D:5      | Noticed Menkaure
  5280 | D:5      | Killed Menkaure
  5281 | D:5      | Reached skill level 5 in Maces & Flails
  5294 | D:5      | Reached XP level 7. HP: 31/44 MP: 7/7
  5431 | D:5      | Noticed Blork the orc
  5461 | D:5      | Killed Blork the orc
  5462 | D:5      | Reached skill level 6 in Maces & Flails
  5509 | D:5      | You fall into a shaft and drop 1 floor!
  5511 | D:6      | Noticed Edmund
  5549 | D:6      | Killed Edmund
  5550 | D:6      | Reached skill level 1 in Throwing
  5646 | D:6      | Reached XP level 8. HP: 48/48 MP: 8/8
  5672 | D:6      | Reached skill level 5 in Fighting
  5886 | D:5      | Killed Sigmund
  5958 | D:5      | Found a shimmering altar of Xom.
  6018 | D:5      | Reached skill level 7 in Maces & Flails
  6968 | D:4      | Found a staircase to the Ecumenical Temple.
  7041 | D:4      | Found a snail-covered altar of Cheibriados.
  7171 | D:4      | Found a shimmering blue altar of Sif Muna.
  8064 | Temple   | Entered the Ecumenical Temple
  8109 | Temple   | Fell from the grace of Trog
  8109 | Temple   | Became a worshipper of Makhleb the Destroyer
  9632 | D:6      | Noticed a yak
  9649 | D:6      | Reached skill level 8 in Maces & Flails
  9652 | D:6      | Reached XP level 9. HP: 47/55 MP: 9/9
  9662 | D:6      | Noticed a polar bear
  9922 | D:6      | Reached skill level 5 in Dodging
 10139 | D:6      | Noticed Eustachio
 10144 | D:6      | Noticed a white ugly thing
 10146 | D:6      | Noticed a white ugly thing
 10152 | D:6      | Killed Eustachio
 10152 | D:6      | Killed a white ugly thing
 10152 | D:6      | Killed by an exploding black bear... ignited by their inner
                  | flame

Illustrated notes

Levels and vault maps discovered:
D:1:      arrival_zaba_pyramid, layout_loops_ring, serial_shops, shop
D:2:      layout_basic
D:3:      layout_loops_ring, mainiacjoe_overflow_alcove_4,
          ebering_ecumenical_altar_webs, kennysheep_generic_room_8
D:4:      layout_cave_pods, mainiacjoe_overflow_brackets, kennysheep_little_box,
          minmay_temple_entry_hall
D:5:      layout_cave_pools, lemuel_doored_altar, uniq_menkaure,
          uniq_blork_the_orc, uniq_sigmund
D:6:      cheibrodos_fzero, layout_loops_corners, uniq_edmund, uniq_eustachio
Temple:   minmay_temple_forest_path

Skill      XL: |  1  2  3  4  5  6  7  8  9 |
---------------+----------------------------+-----
Maces & Flails | 4 5 6 8 |  8.4
Fighting       | 4 5 6 |  6.1
Stealth        | 1 2 3 |  3.7
Dodging        | 2 3 4 5 |  5.1
Armour         | 3 |  3.4
Throwing       | 1 |  1.1

Action                   |  1- 3 |  4- 6 |  7- 9 || total
-------------------------+-------+-------+-------++-------
Melee: Mace              |    89 |   100 |    92 ||   281
       Flail             |       |       |   210 ||   210
       Punch             |       |       |     5 ||     5
Throw: Stone             |     1 |       |     6 ||     7
       Dart              |       |     7 |     1 ||     8
Invok: Berserk           |     3 |       |       ||     3
       Trog's Hand       |       |     3 |     1 ||     4
  Use: Scroll            |     3 |     4 |     7 ||    14
 Stab: Sleeping          |       |       |     2 ||     2
Armor: Animal skin       |    23 |     5 |       ||    28
       Robe              |       |    36 |   195 ||   231
       Ring mail         |       |    13 |       ||    13
Dodge: Dodged            |    63 |   117 |   229 ||   409

Table legend: (Time is in decaauts)
 A = Elapsed time spent in this place.
 B = Non-inter-level travel time spent in this place.
 C = Inter-level travel time spent in this place.
 D = Time resting spent in this place.
 E = Time spent auto-exploring this place.
 F = Levels seen in this place.
 G = Mean time per level.
                   A        B        C        D        E       F      G
               +--------+--------+--------+--------+--------+-----+--------+
         Total |  10242 |  10242 |      0 |   1944 |     69 |   7 | 1463.1 |
       Dungeon |   9357 |   9357 |      0 |   1744 |     69 |   6 | 1559.5 |
        Temple |    885 |    885 |      0 |    200 |      0 |   1 |  885.0 |
               +--------+--------+--------+--------+--------+-----+--------+

Top non-repeatable levels by time:
     D:1: 2273 daAuts
     D:2: 1852 daAuts
     D:3: 1689 daAuts
     D:4: 1525 daAuts
     D:5: 1098 daAuts
     D:6: 919 daAuts
  Temple: 885 daAuts
